 Dungeon Crawl Stone Soup version 0.20-a0-864-g92acfd1 (console) character file.

4133 itsmu the Archer (level 10, -2/77 HPs)
             Began as a Barachi Arcane Marksman on Mar 12, 2017.
             Was a Follower of Okawaru.
             Slain by a sky beast (5 damage)
             ... on level 8 of the Dungeon.
             The game lasted 00:30:43 (11311 turns).

itsmu the Archer (Barachi Arcane Marksman)         Turns: 11311, Time: 00:30:43

Health: -2/77      AC:  4    Str: 14      XL:     10   Next: 27%
Magic:  16/18      EV: 12    Int: 16      God:    Okawaru [*.....]
Gold:   126        SH:  0    Dex: 11 (13) Spells: 9/19 levels left

rFire    + . .     SeeInvis .   b - +0 trident
rCold    . . .     Gourm    +   l - +0 robe
rNeg     . . .     Faith    .   (no shield)
rPois    .         Spirit   .   m - +0 helmet
rElec    .         Reflect  .   (no cloak)
rCorr    .         Harm     .   (no gloves)
MR       +....                  q - +0 pair of boots
Stlth    +.........             G - amulet of the gourmand
Regen    0.3/turn               s - ring of protection from magic
MPRegen  0.2/turn               w - ring "Vuika" {rF+ Str+2}

@: lethally poisoned (-2 -> -13), can't hop, slow
A: +LOS, swims, slowness 1, strong legs 1
a: Hop, Heroism, Renounce Religion


You were on level 8 of the Dungeon.
You worshipped Okawaru.
Okawaru was aware of your devotion.
You were very full.

You visited 2 branches of the dungeon, and saw 9 of its levels.

You collected 486 gold pieces.
You spent 360 gold pieces at shops.

Inventory:

Hand Weapons
 a - a +1 shortbow
 b - a +0 trident (weapon)
   (You found it on level 6 of the Dungeon)
 i - a +0 hand axe
   (You found it on level 1 of the Dungeon)
 v - a +0 dagger
   (You took it off an orc wizard on level 3 of the Dungeon)
 I - a +0 hand axe
   (You took it off an orc priest on level 4 of the Dungeon)
 P - a +2 flail of distortion {!w}
   (You took it off an orc on level 8 of the Dungeon)
Missiles
 A - 42 arrows
Armour
 e - a +0 robe
 g - a +0 leather armour
   (You found it on level 1 of the Dungeon)
 l - a +0 robe (worn)
   (You took it off a hobgoblin on level 1 of the Dungeon)
 m - a +0 helmet (worn)
   (You found it on level 2 of the Dungeon)
 q - a +0 pair of boots (worn)
   (You found it on level 3 of the Dungeon)
 u - a cursed -2 robe
   (You took it off an orc wizard on level 3 of the Dungeon)
 O - a +1 leather armour of cold resistance
   (You took it off an orc on level 8 of the Dungeon)
Jewellery
 j - an uncursed ring of fire
   (You found it on level 1 of the Dungeon)
 p - an uncursed ring of teleportation
   (You found it on level 2 of the Dungeon)
 s - a ring of protection from magic (right hand)
   (You found it on level 5 of the Dungeon)
 w - the ring "Vuika" (left hand) {rF+ Str+2}
   (You took it off an orc on level 3 of the Dungeon)

   [ring of strength]

   It affects your strength (+2).
   It protects you from fire.
 G - an amulet of the gourmand (around neck)
   (You found it on level 3 of the Dungeon)
 J - an uncursed ring of flight
   (You found it on level 6 of the Dungeon)
Wands
 y - a wand of digging (12/24)
   (You found it on level 4 of the Dungeon)
 B - a wand of paralysis (17/24)
   (You found it on level 5 of the Dungeon)
 K - a wand of paralysis (13/24)
   (You found it on level 7 of the Dungeon)
Scrolls
 h - 3 scrolls of enchant weapon
 C - a scroll of enchant armour {unknown}
 D - 2 scrolls of magic mapping
 L - 3 scrolls of identify
 Q - a scroll of remove curse
Potions
 d - a potion of invisibility
 o - 2 potions of curing
 t - a potion of might
 z - 2 potions of agility
 E - a potion of berserk rage
 H - a potion of heal wounds
 M - a potion of mutation {!q}
 N - a potion of flight {unknown}
Books
 c - a book of Debilitation

   Spells                             Type                      Level
   a - Corona                         Hexes                        1
   b - Slow                           Hexes                        2
   c - Inner Flame                    Hexes/Fire                   3
   d - Portal Projectile              Hexes/Translocation          3
   e - Cause Fear                     Hexes                        4
   f - Leda's Liquefaction            Hexes/Earth                  4
Comestibles
 f - 4 bread rations
 n - 6 royal jellies
 x - a meat ration
 F - 4 fruits


   Skills:
 - Level 6.5 Fighting
 * Level 11.1 Bows
 - Level 2.1 Dodging
 - Level 5.4 Spellcasting
 + Level 9.8 Hexes
 - Level 5.7 Translocations


You had 9 spell levels left.
You knew the following spells:

 Your Spells              Type           Power        Failure   Level  Hunger
a - Corona                Hex            #####..      1%          1    None
b - Slow                  Hex            #####...     1%          2    #......
c - Portal Projectile     Hex/Tloc       ####..       1%          3    ###....
d - Cause Fear            Hex            #####.....   2%          4    ####...


Dungeon Overview and Level Annotations

Branches:
Dungeon (8/15)             Temple (1/1) D:6
   Lair: D:8-11

Altars:
Ashenzari
Cheibriados
Elyvilon
Gozag
Makhleb
Okawaru
Qazlal
Ru
Trog
Uskayaw
Vehumet
Wu Jian
Xom
Yredelemnul
Zin
The Shining One

Shops:
D:8 }

Annotations:
D:2 1 runed door


Innate Abilities, Weirdness & Mutations

Shadows flee at your approach. (+LOS)
You can swim through water.
You cover ground slowly.
You can hop short distances.


Message History

The killer bee stings you.
* * * LOW HITPOINT WARNING * * *
The killer bee stings you.
* * * LOW HITPOINT WARNING * * *
Found a long sword, 5 large rocks, a paperback book and 5 gold pieces.
A killer bee, a sky beast, an orc wizard and a two-headed ogre come into view.
Enter note: WHAT Your legs are too worn out to hop.
You hit the sky beast.
The sky beast is lightly wounded.
You feel sick. The killer bee stings you.
* * * LOW HITPOINT WARNING * * *
The killer bee stings you but does no damage.
The killer bee barely misses you. The killer bee stings you.
* * * LOW HITPOINT WARNING * * *
You are lethally poisoned!
The killer bee poisons you! The sky beast hits you.
* * * LOW HITPOINT WARNING * * *
The sky beast shocks you.
You die...

..............#
#####.........##
......####...##
# .#####
##....##
##.#####.#
##.....∩.
#........#
#.......#
#..:o.yy.#
#.......#
#....yyyY#
#.......#
#.)o.oyM.#
##.....##
#....o.h.#
#.....#
#........#
#.......
#........#
#.......
#...O..S.#
#.......#
#........#
##.....#
#........#
##...#
##########


You could see a two-headed ogre, an orc warrior, a water moccasin, a sky beast,
a howler monkey, 6 killer bees, 2 orc wizards and an orc.

Vanquished Creatures
  A hippogriff (D:7)
  A dream sheep (D:8)
  The ghost of Laphicet the Sneak, an amateur OpEE (D:3)
  2 phantoms
  A sky beast (D:8)
  A centaur (D:7)
  5 ogres
  2 big kobolds (D:8)
  5 bullfrogs
  2 scorpions
  5 howler monkeys
  3 crimson imps
  A bullfrog zombie (D:6)
  2 quasits
  2 orc priests
  2 hounds
  A centaur skeleton (D:7)
  Jessica (D:2)
  2 iguanas
  Natasha (thrice) (D:2)
  8 orc wizards
  4 worker ants
  A worker ant zombie (D:7)
  9 adders
  A shadow imp (D:3)
  An ooze (D:2)
  An adder skeleton (D:4)
  3 worms
  4 dart slugs
  4 leopard geckos
  23 orcs
  A ball python (D:6)
  9 bats
  3 giant cockroaches
  8 hobgoblins
  5 kobolds
  3 quokkas
  10 frilled lizards
  8 goblins
  A quokka skeleton (D:6)
  9 rats
159 creatures vanquished.

Vanquished Creatures (others)
  A plant (D:8)
1 creature vanquished.

Grand Total: 160 creatures vanquished

Notes
Turn   | Place    | Note
-------+----------+-------------------------------------------
     0 | D:1      | itsmu the Barachi Arcane Marksman began the quest for the Orb.
     0 | D:1      | Reached XP level 1. HP: 15/15 MP: 2/2
     0 | D:1      | Noticed an ice dragon
     2 | D:1      | Noticed a tentacled monstrosity
     5 | D:1      | Noticed a tentacled monstrosity
     5 | D:1      | Noticed a tentacled monstrosity
     7 | D:1      | Noticed an iron dragon
     8 | D:1      | Noticed a white draconian
    12 | D:1      | Noticed an ice dragon
    13 | D:1      | Noticed an ice dragon
    15 | D:1      | Noticed a tentacled monstrosity
    17 | D:1      | Noticed an ice dragon
    18 | D:1      | Noticed a tentacled monstrosity
    19 | D:1      | Noticed a shadow dragon
    21 | D:1      | Noticed a tentacled monstrosity
    21 | D:1      | Noticed an iron dragon
    23 | D:1      | Noticed a tentacled monstrosity
    23 | D:1      | Noticed an iron dragon
   347 | D:1      | Reached XP level 2. HP: 21/21 MP: 3/3
   351 | D:1      | Learned a level 2 spell: Slow
   588 | D:1      | Reached skill level 3 in Bows
  1035 | D:2      | Noticed Jessica
  1037 | D:2      | Killed Jessica
  1037 | D:2      | Reached XP level 3. HP: 20/26 MP: 4/4
  1185 | D:2      | Reached XP level 4. HP: 28/32 MP: 5/5
  1351 | D:2      | Noticed Natasha
  1744 | D:2      | Killed Natasha
  1744 | D:2      | Reached skill level 4 in Bows
  1798 | D:2      | Noticed Natasha
  1806 | D:2      | Killed Natasha
  1806 | D:2      | Reached XP level 5. HP: 35/37 MP: 6/6
  1877 | D:2      | Noticed Natasha
  1881 | D:2      | Killed Natasha
  2052 | D:2      | Found a runed door.
  2491 | D:3      | Noticed Laphicet's ghost (amateur OpEE)
  2515 | D:3      | Killed Laphicet's ghost
  2515 | D:3      | Reached skill level 5 in Bows
  2515 | D:3      | Reached skill level 5 in Hexes
  2515 | D:3      | Reached XP level 6. HP: 9/43 MP: 5/7
  3383 | D:3      | Found a hide-covered altar of Uskayaw.
  3415 | D:3      | Found a snail-covered altar of Cheibriados.
  3708 | D:3      | Found an opulent altar of Gozag.
  3922 | D:3      | Reached skill level 6 in Bows
  4320 | D:3      | Reached XP level 7. HP: 36/48 MP: 8/8
  4331 | D:3      | Learned a level 3 spell: Portal Projectile
  4809 | D:3      | Got a glittering lead ring
  4813 | D:3      | Identified the ring "Vuika" {rF+ Str+2} (You took it off an orc on level 3 of the Dungeon)
  5128 | D:4      | Found a shimmering altar of Xom.
  5563 | D:4      | Found a snail-covered altar of Cheibriados.
  5563 | D:4      | Found a glowing silver altar of Zin.
  5563 | D:4      | Found a radiant altar of Vehumet.
  5566 | D:4      | Found a basalt altar of Yredelemnul.
  5575 | D:4      | Found a sacrificial altar of Ru.
  5631 | D:5      | Entered Level 5 of the Dungeon
  5648 | D:5      | Reached skill level 7 in Bows
  7167 | D:5      | Reached XP level 8. HP: 54/54 MP: 2/9
  7685 | D:5      | Reached skill level 8 in Bows
  8031 | D:6      | Found a staircase to the Ecumenical Temple.
  8037 | Temple   | Entered the Ecumenical Temple
  8054 | Temple   | Became a worshipper of Warmaster Okawaru
  8087 | D:6      | Found a shattered altar of Ashenzari.
  8183 | D:6      | Reached skill level 9 in Bows
  8183 | D:6      | Reached skill level 5 in Spellcasting
  8183 | D:6      | Reached skill level 5 in Translocations
  8183 | D:6      | Reached XP level 9. HP: 71/71 MP: 9/17
  8248 | D:6      | Reached skill level 10 in Bows
  8877 | D:6      | Learned a level 4 spell: Cause Fear
 10191 | D:8      | Reached * piety under Okawaru
 10331 | D:8      | Reached XP level 10. HP: 77/77 MP: 9/18
 10973 | D:7      | Reached skill level 11 in Bows
 11150 | D:8      | Noticed a three-headed hydra
 11268 | D:8      | Found Wiqef's Gadget Boutique.
 11279 | D:8      | Bought a phantom mirror for 360 gold pieces
 11311 | D:8      | Noticed a two-headed ogre
 11311 | D:8      | WHAT
 11311 | D:8      | HP: 3/77 [sky beast (1)]
 11311 | D:8      | Slain by a sky beast

Vault maps used:
D:1:      shiori_arrival_whats_in_store_for_you
D:2:      uniq_natasha, uniq_jessica, uniq_crazy_yiuf_cottage
D:3:      lemuel_round_altar, grunt_gozag_statues, first_bread,
          kennysheep_slug_shrine
D:4:      minitemple, hangedman_decor_lopped
D:5:      nicolae_underground_beach
D:6:      temple_green, kennysheep_flooded_box
D:8:      lemuel_coloured_pillars_altar, enter_bailey_3, serial_shops, shop,
          hangedman_ranch
Temple:   nicolae_temple_god_jail

Skill      XL: |  1  2  3  4  5  6  7  8  9 10 |
---------------+-------------------------------+-----
Bows           | 3 4 5 6 7 9 10 11 | 11.1
Hexes          | 4 5 6 9 |  9.8
Fighting       | 6 |  6.5
Spellcasting   | 5 |  5.4
Translocations | 5 |  5.7
Dodging        | |  2.1

Action                   |  1- 3 |  4- 6 |  7- 9 | 10-12 || total
-------------------------+-------+-------+-------+-------++-------
Melee: Unarmed           |     8 |       |       |       ||     8
       Hand axe          |       |    12 |    96 |       ||   108
       Dagger            |       |       |    35 |       ||    35
       Trident           |       |       |    36 |    15 ||    51
 Fire: Shortbow          |    76 |   193 |   309 |   115 ||   693
 Cast: Slow              |       |     1 |    44 |    12 ||    57
       Portal Projectile |       |       |     6 |     5 ||    11
       Cause Fear        |       |       |     6 |     6 ||    12
 Abil: Hop               |     1 |     1 |     8 |     3 ||    13
Evoke: Phantom mirror    |       |       |       |     1 ||     1
  Use: Potion            |     2 |     1 |     2 |     1 ||     6
       Scroll            |       |     4 |    15 |     2 ||    21
  Eat: Chunk             |       |    12 |    31 |     4 ||    47
       Royal jelly       |       |       |     1 |       ||     1
Armor: Robe              |     9 |    22 |    42 |    13 ||    86
Dodge: Dodged            |    23 |    77 |   157 |    44 ||   301
